 Dungeon Crawl Stone Soup version 0.29.0-7-g18a832c13a (webtiles) character file.

Game seed: 12350395641782722146

1099 Plorgh the Grasshopper (level 8, -1/64 HPs)
             Began as a Gnoll Warper on Aug 31, 2022.
             Was a Follower of Nemelex Xobeh.
             Slain by a hound (4 damage)
             ... on level 7 of the Dungeon.
             The game lasted 00:11:23 (5933 turns).

Plorgh the Grasshopper (Gnoll Warper)               Turns: 5933, Time: 00:11:24

Health: -1/64      AC: 11    Str: 10 (12) XL:     8   Next: 32%
Magic:  0/17       EV: 10    Int: 10 (13) God:    Nemelex Xobeh [*.....]
Gold:   442        SH:  0    Dex: 12 (14) Spells: 16/19 levels left

rFire   + . .      SeeInvis +   r - +1 trident
rCold   . . .      Faith    .   (no shield)
rNeg    . . .      Spirit   +   a - +1 scale mail of the Moon {Regen+ SInv}
rPois   .          Reflect  .   i - +0 helmet
rElec   .          Harm     .   A - +0 cloak
rCorr   +          Rampage  .   F - +0 pair of gloves
Will    .....                   (no boots)
Stlth   +.........              y - amulet "Ograg" {Spirit rF+ rCorr Dex+2}
HPRegen 1.00/turn               (no ring)
MPRegen 0.15/turn               (no ring)

@: no status effects
A: fangs 1, strong nose, distributed training
a: Renounce Religion, Draw Escape, Draw Destruction, Draw Summoning


You were on level 7 of the Dungeon.
You worshipped Nemelex Xobeh.
Nemelex Xobeh was aware of your devotion.
You visited 2 branches of the dungeon, and saw 8 of its levels.
You also visited: Ossuary.

You collected 442 gold pieces.

Inventory:

Hand Weapons
 r - a +1 trident (weapon)
Missiles
 d - 7 boomerangs of dispersal (quivered)
 m - 2 throwing nets
Armour
 a - the +1 scale mail of the Moon (worn) {Regen+ SInv}
   (You found it on level 3 of the Dungeon)

   SInv:      It lets you see invisible.
   Regen:     It increases your rate of health regeneration.
 i - a +0 helmet (worn)
 A - a +0 cloak (worn)
 F - a +0 pair of gloves (worn)
Jewellery
 e - an amulet of the acrobat
 p - a ring of fire
 y - the amulet "Ograg" (around neck) {Spirit rF+ rCorr Dex+2}
   (You found it on level 4 of the Dungeon)

   [amulet of guardian spirit]

   It causes incoming damage to be divided between your reserves of health and
   magic.
   Dex:       It affects your dexterity (+2).
   rF:        It protects you from fire.
   rCorr:     It protects you from acid and corrosion.
 E - a ring of fire
Wands
 b - a wand of polymorph (10)
Scrolls
 c - a scroll of blinking
 f - a scroll of torment
 g - 3 scrolls of teleportation {unknown}
 h - a scroll of noise
 l - 2 scrolls of enchant armour {unknown}
 o - a scroll of fear
 t - a scroll of summoning
 v - a scroll of vulnerability
 w - a scroll of immolation
 z - a scroll of amnesia
Potions
 j - 3 potions of attraction
 k - 5 potions of curing
 n - 3 potions of degeneration
 q - 4 potions of lignification {unknown}
 s - 2 potions of resistance
 u - 2 potions of flight {unknown}
 x - a potion of mutation
 B - 2 potions of ambrosia {unknown}
 C - a potion of heal wounds {unknown}
 D - a potion of brilliance {unknown}


   Skills:
 + Level 5.7 Fighting
 + Level 3.3 Short Blades
 + Level 3.3 Long Blades
 + Level 3.3 Axes
 + Level 3.3 Maces & Flails
 + Level 5.7 Polearms
 + Level 3.3 Staves
 + Level 3.3 Ranged Weapons
 + Level 4.2 Throwing
 + Level 4.2 Armour
 + Level 5.7 Dodging
 + Level 3.3 Stealth
 + Level 3.3 Shields
 + Level 3.3 Unarmed Combat
 + Level 6.0 Spellcasting
 + Level 2.6 Conjurations
 + Level 2.6 Hexes
 + Level 2.6 Summonings
 + Level 2.6 Necromancy
 + Level 6.1 Translocations
 + Level 2.6 Transmutations
 + Level 2.6 Fire Magic
 + Level 2.6 Ice Magic
 + Level 2.6 Air Magic
 + Level 2.6 Earth Magic
 + Level 2.6 Poison Magic
 + Level 3.6 Invocations
 + Level 3.3 Evocations


You had 16 spell levels left.
You knew the following spells:

 Your Spells              Type           Power      Damage    Failure   Level
a - Blink                 Tloc           30%        N/A       14%         2
b - Summon Small Mammal   Summ           32%        N/A       38%         1

Your spell library contained the following spells:

 Spells                   Type           Power      Damage    Failure   Level
 Gell's Gravitas          Tloc           15%        N/A       28%         3
 Lesser Beckoning         Tloc           15%        N/A       28%         3
 Teleport Other           Tloc           15%        N/A       28%         3
 Beastly Appendage        Tmut           16%        N/A       38%         1
 Wereblood                Tmut           8%         N/A       52%         2
 Call Canine Familiar     Summ           8%         N/A       77%         3
 Spider Form              Tmut/Pois      8%         N/A       77%         3
 Summon Guardian Golem    Hex/Summ       8%         N/A       77%         3
 Manifold Assault         Tloc           15%        N/A       95%         5


Dungeon Overview and Level Annotations

Branches:
Dungeon (7/15)             Temple (1/1) D:4         Ossuary (visited)

Altars:
Ashenzari
Cheibriados
Elyvilon
Fedhas
Gozag
Hepliaklqana
Nemelex Xobeh
Okawaru
Ru
Sif Muna
Trog
Vehumet
Wu Jian
Xom
Yredelemnul
Zin
The Shining One

Shops:
D:7 *

Annotations:
D:3 1 runed translucent door, Endy73's ghost, amateur TrFi
D:4 nmsoi's ghost, amateur GnWn
D:7 Dowan; Duvessa; Joseph


Innate Abilities, Weirdness & Mutations

You have very sharp teeth.
Your uncanny sense of smell can sniff out nearby items.
Your experience applies equally to all skills.


Message History

The hound barely misses you. The hound closely misses you.
You barely miss the hound. Your bite misses the hound.
The hound is moderately wounded.
The hound bites you but does no damage.
You hit the hound but do no damage. You punch the hound, but do no damage.
The hound is moderately wounded.
The hound misses you.
Joseph shoots a sling bullet.
The sling bullet hits you!! The sling bullet freezes you.
The hound closely misses you.
You closely miss the hound. You bite the hound, but do no damage.
The hound is moderately wounded.
The hound barely misses you.
You barely miss the hound. Your bite misses the hound.
The hound is moderately wounded.
The hound closely misses you.
Joseph shoots a sling bullet.
The sling bullet hits you! The sling bullet freezes you.
The hound closely misses you.
You hit the hound.
The hound is severely wounded.
Joseph shoots a sling bullet.
The sling bullet hits you. The sling bullet freezes you. The hound bites you.
You hit the hound.
The hound is severely wounded.
The hound barely misses you. The hound bites you but does no damage.
You closely miss the hound.
The hound is severely wounded.
Joseph shoots a sling bullet.
The sling bullet hits you! The sling bullet freezes you.
* * * LOW HITPOINT WARNING * * *
The hound bites you but does no damage.
Unknown command.
It was a potion of degeneration.
There was something very wrong with that liquid.
You feel weakened.
You feel dopey.
You feel clumsy. The hound misses you.
Joseph shoots a sling bullet.
The sling bullet hits you!
* * * LOW HITPOINT WARNING * * *
The sling bullet freezes you.
* * * LOW HITPOINT WARNING * * *
The hound bites you.
You die...
Your body disappears without a glow.

*,* **,**,*,*** *,*,* *,*
*,**,*,* *,,,, *,* *,**<*,* ***,*
*,* *,,,,*,* **'* # #,* *,****,*
**,,, ## *####.#### *,,,,,,*
**,,,, .####........# *,#*,*#*
**,,,,,
..........##.#####.#...#***,,,,,,
..#...≈.......@.@h......,,+,,,,,,
...........#.#####.#...#***,,,,,,
$...∩...##.#.# *,#*,*# **,,,,,
........##.#.# *,**** **,,,,
#.§...≈..#.#.# *,* **,,,
*,...........# *,* **+*
***#######.### *,* *,* #.# *,*
*,* #.# *****,***** **,*


You could see Joseph and a hound.

Vanquished Creatures
  A black bear (D:6)
  An ogre (D:5)
  2 phantoms
  An elf zombie (Ossuary)
  A necrophage (D:5)
  4 scorpions
  A human zombie (Ossuary)
  A jelly (D:5)
  An orc priest (D:6)
  2 iguanas
  3 orc wizards
  4 mummies (Ossuary)
  3 gnolls (D:4)
  2 adders
  An ufetubus (D:5)
  3 adder zombies (Ossuary)
  A worm (D:2)
  A dart slug (D:4)
  11 orcs
  5 ball pythons
  5 bats
  3 endoplasms
  2 giant cockroaches
  3 hobgoblins
  6 jackals
  5 kobolds
  6 quokkas
  2 frilled lizards
  7 goblins
  2 hobgoblin zombies (Ossuary)
  A jackal zombie (Ossuary)
  2 kobold zombies (Ossuary)
  2 orc zombies (Ossuary)
  A rat (D:1)
96 creatures vanquished.

Notes
Turn   | Place    | Note
-------+----------+-------------------------------------------
     0 | D:1      | Plorgh the Gnoll Warper began the quest for the Orb.
     0 | D:1      | Reached XP level 1. HP: 20/20 MP: 6/6
   199 | D:1      | Reached XP level 2. HP: 26/26 MP: 7/7
  1028 | D:1      | Reached skill level 5 in Spellcasting
  1028 | D:1      | Reached XP level 3. HP: 26/31 MP: 7/9
  1296 | D:2      | Identified the +1 ring mail of Vampiric Thralls {rF+ rN+}
  1363 | D:2      | Reached skill level 1 in Invocations
  1463 | D:2      | Learned a level 2 spell: Blink
  1465 | D:2      | Learned a level 1 spell: Summon Small Mammal
  1716 | D:2      | Found a faded altar of an unknown god.
  1872 | D:3      | Found a runed translucent door.
  1877 | D:3      | Identified the +1 scale mail of the Moon {Regen+ SInv}
  2044 | D:3      | Reached skill level 1 in Short Blades
  2044 | D:3      | Reached skill level 1 in Long Blades
  2044 | D:3      | Reached skill level 1 in Axes
  2044 | D:3      | Reached skill level 1 in Maces & Flails
  2044 | D:3      | Reached skill level 1 in Staves
  2044 | D:3      | Reached skill level 1 in Ranged Weapons
  2044 | D:3      | Reached skill level 1 in Stealth
  2044 | D:3      | Reached skill level 1 in Shields
  2044 | D:3      | Reached skill level 1 in Unarmed Combat
  2044 | D:3      | Reached skill level 1 in Evocations
  2275 | D:3      | Noticed Endy73's ghost (amateur TrFi)
  2647 | D:4      | Reached XP level 4. HP: 38/38 MP: 11/11
  2664 | D:4      | Noticed a scorpion
  2674 | D:4      | Killed a scorpion
  2675 | D:4      | Reached skill level 1 in Conjurations
  2675 | D:4      | Reached skill level 1 in Hexes
  2675 | D:4      | Reached skill level 1 in Summonings
  2675 | D:4      | Reached skill level 1 in Necromancy
  2675 | D:4      | Reached skill level 1 in Transmutations
  2675 | D:4      | Reached skill level 1 in Fire Magic
  2675 | D:4      | Reached skill level 1 in Ice Magic
  2675 | D:4      | Reached skill level 1 in Air Magic
  2675 | D:4      | Reached skill level 1 in Earth Magic
  2675 | D:4      | Reached skill level 1 in Poison Magic
  2708 | D:4      | Found a white marble altar of Elyvilon.
  2739 | D:4      | Reached XP level 5. HP: 39/43 MP: 12/12
  2825 | D:4      | Found a sacrificial altar of Ru.
  3081 | D:4      | Found a large runed translucent door.
  3082 | D:4      | Found a large runed translucent door.
  3086 | D:4      | Noticed nmsoi's ghost (amateur GnWn)
  3198 | D:4      | Found a staircase to the Ecumenical Temple.
  3219 | Temple   | Entered the Ecumenical Temple
  3328 | D:4      | Found a sparkling altar of Nemelex Xobeh.
  3331 | D:4      | Found a broken altar of Ashenzari.
  3334 | D:4      | Found a basalt altar of Yredelemnul.
  3337 | D:4      | Found a bloodstained altar of Trog.
  3343 | D:4      | Became a worshipper of Nemelex Xobeh the Trickster
  3454 | D:4      | Identified the amulet "Ograg" {Spirit rF+ rCorr Dex+2}
  3704 | D:5      | Entered Level 5 of the Dungeon
  3704 | D:5      | Noticed a phantom
  3827 | D:5      | Killed a phantom
  3828 | D:5      | Reached skill level 5 in Fighting
  3828 | D:5      | Reached skill level 5 in Polearms
  3828 | D:5      | Reached skill level 5 in Dodging
  3828 | D:5      | Reached XP level 6. HP: 50/51 MP: 11/14
  4201 | D:5      | Reached XP level 7. HP: 55/56 MP: 15/15
  4736 | D:6      | Found a sand-covered staircase.
  4750 | D:6      | You fall into a shaft and drop 1 floor!
  4763 | D:7      | Noticed Joseph
  4800 | D:7      | Found Kenaf's Elemental Accessories.
  4800 | D:7      | Noticed Dowan
  4802 | D:7      | Noticed Duvessa
  4923 | Ossuary  | Entered an ossuary
  4923 | Ossuary  | Reached * piety under Nemelex Xobeh
  5369 | D:6      | Received a gift from Nemelex Xobeh
  5386 | D:6      | Reached XP level 8. HP: 63/63 MP: 16/16
  5546 | D:6      | Found an ornate altar of the Wu Jian Council.
  5546 | D:6      | Found a shimmering altar of Xom.
  5547 | D:6      | Found a shimmering blue altar of Sif Muna.
  5933 | D:7      | HP: 3/64 [Joseph/sling bullet (2)]
  5933 | D:7      | Slain by a hound

Illustrated notes

Levels and vault maps discovered:
D:1:      minmay_arrival_five_plusses, layout_basic
D:2:      layout_basic, shapermc_ecumenical_altar_hornbeckon
D:3:      layout_basic, ebering_ghost_reflecting_pool
D:4:      layout_basic, mainiacjoe_overflow_paths, nicolae_ru_path_of_blood,
          grunt_temple_overflow_cloverleaf, minmay_temple_entry_antechambers,
          ebering_ghost_disaster_area
D:5:      layout_layer_cave
D:6:      layout_loops_ring, gammafunk_temple_overflow_claw,
          nicolae_ossuary_entry_ruins, minmay_tree_intersection
D:7:      layout_loops_corners, enter_bailey_3, nicolae_elemental_shop,
          grunt_ministairs_11, uniq_duvessa, uniq_joseph, uniq_pikel,
          uniq_crazy_yiuf_cottage, uniq_maggie
Temple:   nicolae_temple_ecumenical_triangle

Skill      XL: |  1  2  3  4  5  6  7  8 |
---------------+-------------------------+-----
Spellcasting   | 5 6 |  6.0
Invocations    | 1 2 3 |  3.6
Short Blades   | 1 2 3 |  3.3
Long Blades    | 1 2 3 |  3.3
Axes           | 1 2 3 |  3.3
Maces & Flails | 1 2 3 |  3.3
Staves         | 1 2 3 |  3.3
Ranged Weapons | 1 2 3 |  3.3
Stealth        | 1 2 3 |  3.3
Shields        | 1 2 3 |  3.3
Unarmed Combat | 1 2 3 |  3.3
Evocations     | 1 2 3 |  3.3
Conjurations   | 1 2 |  2.6
Hexes          | 1 2 |  2.6
Summonings     | 1 2 |  2.6
Necromancy     | 1 2 |  2.6
Transmutations | 1 2 |  2.6
Fire Magic     | 1 2 |  2.6
Ice Magic      | 1 2 |  2.6
Air Magic      | 1 2 |  2.6
Earth Magic    | 1 2 |  2.6
Poison Magic   | 1 2 |  2.6
Throwing       | 3 4 |  4.2
Armour         | 3 4 |  4.2
Fighting       | 5 |  5.7
Polearms       | 5 |  5.7
Dodging        | 5 |  5.7
Translocations | 6 |  6.1

Action                   |  1- 3 |  4- 6 |  7- 9 || total
-------------------------+-------+-------+-------++-------
Melee: Spear             |   101 |       |       ||   101
       Bite              |     9 |    19 |    25 ||    53
       Trident           |    37 |   295 |   205 ||   537
       Punch             |     1 |     2 |     4 ||     7
 Cast: Summon Small Mamm |     1 |     2 |       ||     3
       Blink             |       |     2 |       ||     2
  Use: Scroll            |       |     1 |    13 ||    14
       Potion            |       |       |     1 ||     1
 Stab: Sleeping          |     2 |       |       ||     2
Armor: Leather armour    |    25 |       |       ||    25
       Scale mail        |    18 |   115 |   174 ||   307
Dodge: Dodged            |    58 |   131 |   194 ||   383
